 Dungeon Sprint DCSS version 0.30-a0-824-g6c64550be9 (webtiles) character file.

Game seed: 3502576090128737159

8000000 ytrimaz the Conqueror (level 27, -4/249 HPs)
             Began as a Demonspawn Gladiator on Feb 27, 2023.
             Was the Champion of Makhleb.
             Slain by a bag of meat
             ... wielding a +9 war axe
              (13 damage)
             ... in the Dungeon (Sprint VIII: "Arena of Blood").
             The game lasted 00:02:30 (80 turns).

ytrimaz the Conqueror (Demonspawn Gladiator)          Turns: 80, Time: 00:02:31

Health: -4/249     AC: 12    Str: 18    XL:     27
Magic:  28/54      EV: 35    Int: 12    God:    Makhleb [******]
Gold:   0          SH:  0    Dex: 23    Spells: 80/80 levels left

rFire   . . .      SeeInvis .    k - +∞ Axe of Woe
rCold   . . .      Faith    .    (shield currently unavailable)
rNeg    . . .      Spirit   .    a - +0 leather armour
rPois   +          Reflect  .    b - +0 helmet
rElec   .          Harm     .    (no cloak)
rCorr   .          Rampage  .    (gloves unavailable)
Will    ++...      NoTele   +    (no boots)
Stlth   ++++++++++               (no amulet)
HPRegen 10.61/turn               (no ring)
MPRegen 0.34/turn                (no ring)

@: no status effects
A: claws 3, slimy green scales 3, ignite blood 3, powered by death 3,
augmentation 3
a: Renounce Religion, Minor Destruction, Lesser Servant of Makhleb, Major
Destruction, Greater Servant of Makhleb


You were in the Dungeon.
You worshipped Makhleb.
Makhleb was exalted by your worship.
You visited 1 branch


Innate Abilities, Weirdness & Mutations

You have claws for hands.
You are completely covered in slimy green scales. (AC +4, rPois)
Your demonic aura causes all spilled blood to erupt in flames.
You regenerate a lot of health from kills.
Your magical and physical power is greatly enhanced at high health.


   Skills:
 O Level 27 Fighting
 + Level 20.9(24.2) Short Blades
 + Level 20.9(24.2) Long Blades
 O Level 27 Axes
 O Level 27 Maces & Flails
 O Level 27 Polearms
 O Level 27 Staves
 + Level 20.8 Ranged Weapons
 O Level 27 Throwing
 O Level 27 Armour
 O Level 27 Dodging
 O Level 27 Stealth
 + Level 20.8 Shields
 O Level 27 Unarmed Combat
 O Level 27 Spellcasting
 + Level 22.5 Conjurations
 + Level 22.5 Hexes
 + Level 22.5 Summonings
 + Level 24.3 Necromancy
 + Level 20.8 Translocations
 + Level 20.9 Transmutations
 + Level 20.8 Fire Magic
 + Level 20.9 Ice Magic
 + Level 20.9 Air Magic
 + Level 20.8 Earth Magic
 + Level 22.5 Poison Magic
 O Level 27 Invocations
 + Level 22.5 Evocations


You had 80 spell levels left.
You didn't know any spells.
Your spell library was empty.

Inventory:

Hand Weapons
 k - the +∞ Axe of Woe (weapon)
   (You found it in the Dungeon)
Missiles
 c - 3 throwing nets (quivered)
 d - a javelin
Armour
 a - a +0 leather armour (worn)
 b - a +0 helmet (worn)
Scrolls
 j - a scroll of blinking
Potions
 e - a potion of curing
 f - a potion of heal wounds
 g - a potion of haste
 h - 2 potions of magic
 i - a potion of berserk rage

Dungeon Overview and Level Annotations

Branches:
Dungeon (1/1) Zot: 27000

Altars:
Makhleb

Annotations:
D The Servant

#.......# #..
#...§...#
....###)))°...###.
....o.)))###......
.#.M...)))_.......
.......#)))..#.....
.......#_M<☼_# ...
......M#°§°§§#.....
.#....§o°o§@@......
......§Wo###o......
....###o.. ..###..
..


#o.zo ..# #.o..o..# ......... ....o.....o ..........o You could see 2 accurseds,
The Servant, a dread and 6 bags of meat.


Message History

You hear two shouts!
You hear a shout! x5
The dread is engulfed in blazing flames.
The dread calls on the powers of darkness!
The bag of meat convulses! x4
Your body is wracked with pain!
The bag of meat is engulfed in blazing flames. x2
You hear a shout! x2
The bag of meat is engulfed in blazing flames.
You hear a shout! x3
Your Conjurations skill increases to level 22!
Your Hexes skill increases to level 22!
Your Summonings skill increases to level 22!
Your Necromancy skill increases to level 24!
Your Poison Magic skill increases to level 22!
Your Evocations skill increases to level 22! 😮 HP[-88] MP[+1]
You take 88 damage, and now have 126/249 hp.
MASSIVE DAMAGE!! (PAUSE)
You slice the sculptor of flesh!!
You butcher the sculptor of flesh messily.
You destroy the sculptor of flesh!
Makhleb accepts your kill.
You feel better.
You hit the bag of meat.
You dissect the bag of meat like a pig carcass.
You kill the bag of meat!
Makhleb accepts your kill.
You hear a shout! x2
The dread is engulfed in blazing flames.
You hear a shout! x2
The bag of meat is engulfed in blazing flames.
You hear a shout!
You hear a roar! 😮 HP[+33]
You regained 33 hp, and now have 159/249 hp.
Unknown command.
Press < or > to pray at altars.
Unknown command.
Press < or > to pray at altars.
You hit the bag of meat.
You cleave the bag of meat in twain.
You kill the bag of meat!
Makhleb accepts your kill.
You feel better.
You hear a shout! x6
The dread is engulfed in blazing flames.
You hear a shout! x2 😕 HP[+31]
You regained 31 hp, and now have 190/249 hp.
Unknown command.
Press < or > to pray at altars.
You slash the sculptor of flesh!
You pulverise the sculptor of flesh into a thin bloody mist.
You destroy the sculptor of flesh!
Makhleb accepts your kill.
You feel better.
You hear a shout!
The accursed casts a spell at you. Something smites you!
You hear a shout! x9
The Servant is engulfed in blazing flames.
The Servant hits you from afar with a +9 glaive of flaming!!!!
* * * LOW HITPOINT WARNING * * *
The Servant burns you.
* * * LOW HITPOINT WARNING * * *
😨 HP[-76]
You take 76 damage, and now have 114/249 hp.
MASSIVE DAMAGE!! (PAUSE)
You hit the bag of meat but do no damage.
You chop the bag of meat into pieces.
You kill the bag of meat!
Makhleb accepts your kill.
You feel better.
You hear a shout!
The accursed gestures at you while chanting.
Something smites you!
You hear a shout!
The dread is engulfed in blazing flames.
You hear a shout! x3 😮 HP[+25] MP[+1]
You regained 25 hp, and now have 139/249 hp.
Unknown command.
Press < or > to pray at altars.
The bag of meat attacks as you move away!
The bag of meat hits you with a +9 war axe!!
* * * LOW HITPOINT WARNING * * *
A bag of meat comes into view. It is wielding a +9 war axe.
You hear a shout! x3
The Servant is engulfed in blazing flames.
The Servant hits you with a +9 glaive of flaming!!!!
* * * LOW HITPOINT WARNING * * *
The Servant burns you.
* * * LOW HITPOINT WARNING * * *
You hear a shout! x4
The accursed gestures at you while chanting.
Something smites you!
* * * LOW HITPOINT WARNING * * *
You hear a shout!
The dread is engulfed in blazing flames.
You hear a shout! x2
The bag of meat is engulfed in blazing flames.
The bag of meat hits you with a +9 war axe!
You die...

Skill      XL: |  1  2  3  4  5  6  7  8  9 10 11 12 13 14 15 16 17 18 19 20 21 22 23 24 25 26 27 |
---------------+----------------------------------------------------------------------------------+-----
Fighting       | 15 16 17 19 21 23 25 27 | 27.0
Throwing       | 14 15 20 23 26 27 | 27.0
Dodging        | 14 15 16 17 20 21 23 26 27 | 27.0
Unarmed Combat | 14 15 16 17 20 21 23 26 27 | 27.0
Axes           | 5 7 11 14 17 20 23 27 | 27.0
Armour         | 5 7 11 14 17 20 23 27 | 27.0
Maces & Flails | 6 16 19 23 27 | 27.0
Polearms       | 6 16 19 23 27 | 27.0
Stealth        | 6 17 21 25 27 | 27.0
Spellcasting   | 6 16 20 23 27 | 27.0
Invocations    | 8 22 27 | 27.0
Staves         | 27 | 27.0
Short Blades   | 3 12 13 18 20 | 20.9
Long Blades    | 3 12 13 18 20 | 20.9
Ranged Weapons | 3 12 13 18 20 | 20.8
Shields        | 3 12 13 18 20 | 20.8
Conjurations   | 3 13 14 19 21 22 | 22.5
Hexes          | 3 13 14 19 21 22 | 22.5
Summonings     | 3 13 14 19 21 22 | 22.5
Necromancy     | 4 14 15 21 23 24 | 24.3
Translocations | 3 12 13 18 20 | 20.8
Transmutations | 3 12 13 18 20 | 20.9
Fire Magic     | 3 12 13 18 20 | 20.8
Ice Magic      | 3 12 13 18 20 | 20.9
Air Magic      | 3 12 13 18 20 | 20.9
Earth Magic    | 3 12 13 18 20 | 20.8
Poison Magic   | 3 12 14 19 21 22 | 22.5
Evocations     | 3 13 14 19 21 22 | 22.5

Action                     |  1- 3 |  4- 6 |  7- 9 | 10-12 | 13-15 | 16-18 | 19-21 | 22-24 | 25-27 || total
---------------------------+-------+-------+-------+-------+-------+-------+-------+-------+-------++-------
  Melee: Executioner's axe |     1 |       |       |     2 |     8 |    14 |    14 |     8 |     9 ||    56
 Armour: Leather armour    |       |       |       |       |       |       |       |     4 |     3 ||     7
  Dodge: Dodged            |       |       |       |       |       |     1 |     1 |     3 |     2 ||     7

Levels and vault maps discovered:
D:        meatsprint

Notes
Turn   | Place    | Note
-------+----------+-------------------------------------------
     0 | D        | Found the +∞ Axe of Woe
     0 | D        | ytrimaz the Demonspawn Gladiator began the quest for the
                  | Orb.
     0 | D        | Reached XP level 1. HP: 16/16 MP: 1/1
     0 | D        | magus.rc [v1.9.6]
     3 | D        | Became a worshipper of Makhleb the Destroyer
     3 | D        | Noticed a meat berserker
     3 | D        | Noticed a bag of meat
     4 | D        | Noticed a bag of meat
     6 | D        | Killed a meat berserker
     7 | D        | Reached skill level 15 in Fighting
     7 | D        | Reached skill level 14 in Throwing
     7 | D        | Reached skill level 14 in Dodging
     7 | D        | Reached skill level 14 in Unarmed Combat
     7 | D        | Gained mutation: You have sharp fingernails. [demonic
                  | ancestry]
     7 | D        | Reached XP level 2. HP: 44/44 MP: 2/2
     7 | D        | Gained mutation: You have very sharp fingernails. [demonic
                  | ancestry]
     7 | D        | Reached XP level 3. HP: 50/50 MP: 3/3
     7 | D        | Reached XP level 4. HP: 57/57 MP: 4/4
     7 | D        | Reached XP level 5. HP: 63/63 MP: 5/5
     7 | D        | Reached XP level 6. HP: 70/70 MP: 6/6
     7 | D        | Gained mutation: Your demonic aura sometimes causes spilled
                  | blood to erupt in flames. [demonic ancestry]
     7 | D        | Reached XP level 7. HP: 76/76 MP: 7/7
     7 | D        | Gained mutation: You are partially covered in slimy green
                  | scales. (AC +2) [demonic ancestry]
     7 | D        | Reached XP level 8. HP: 83/83 MP: 8/8
     7 | D        | Gained mutation: You are mostly covered in slimy green
                  | scales. (AC +3) [demonic ancestry]
     7 | D        | Reached XP level 9. HP: 89/89 MP: 9/9
     7 | D        | Reached XP level 10. HP: 96/96 MP: 10/10
     7 | D        | Gained mutation: You have claws for hands. [demonic
                  | ancestry]
     7 | D        | Reached XP level 11. HP: 102/102 MP: 11/11
     8 | D        | Noticed a bag of meat
     8 | D        | Noticed a bag of meat
     9 | D        | Killed a bag of meat
     9 | D        | Reached * piety under Makhleb
    10 | D        | Reached skill level 16 in Fighting
    10 | D        | Reached skill level 5 in Axes
    10 | D        | Reached skill level 5 in Armour
    10 | D        | Reached skill level 15 in Dodging
    10 | D        | Reached skill level 15 in Unarmed Combat
    10 | D        | Gained mutation: You regenerate a little health from kills.
                  | [demonic ancestry]
    10 | D        | Reached XP level 12. HP: 108/112 MP: 12/12
    10 | D        | Killed a bag of meat
    11 | D        | Reached skill level 17 in Fighting
    11 | D        | Reached skill level 7 in Axes
    11 | D        | Reached skill level 7 in Armour
    11 | D        | Reached skill level 16 in Dodging
    11 | D        | Reached skill level 16 in Unarmed Combat
    11 | D        | Gained mutation: You regenerate health from kills. [demonic
                  | ancestry]
    11 | D        | Reached XP level 13. HP: 120/120 MP: 13/13
    11 | D        | Killed a bag of meat
    12 | D        | Reached skill level 9 in Axes
    12 | D        | Reached skill level 9 in Armour
    12 | D        | Noticed a bag of meat
    13 | D        | Killed a bag of meat
    13 | D        | Reached ** piety under Makhleb
    14 | D        | Reached skill level 18 in Fighting
    14 | D        | Reached skill level 10 in Axes
    14 | D        | Reached skill level 10 in Armour
    14 | D        | Reached skill level 17 in Dodging
    14 | D        | Reached skill level 17 in Unarmed Combat
    14 | D        | Noticed a meat berserker
    14 | D        | Killed a bag of meat
    14 | D        | Noticed a bag of meat
    15 | D        | Reached skill level 19 in Fighting
    15 | D        | Reached skill level 11 in Axes
    15 | D        | Reached skill level 11 in Armour
    15 | D        | Reached XP level 14. HP: 133/133 MP: 14/14
    15 | D        | Noticed a bag of meat
    15 | D        | Noticed a bag of meat
    15 | D        | Noticed a meat berserker
    16 | D        | Noticed a meat berserker
    17 | D        | Killed a meat berserker
    17 | D        | Noticed a bag of meat
    18 | D        | Reached skill level 20 in Fighting
    18 | D        | Reached skill level 13 in Axes
    18 | D        | Reached skill level 13 in Armour
    18 | D        | Reached skill level 18 in Dodging
    18 | D        | Reached skill level 18 in Unarmed Combat
    18 | D        | Noticed a meat berserker
    18 | D        | Noticed a bag of meat
    18 | D        | Noticed a bag of meat
    19 | D        | Killed a bag of meat
    19 | D        | Reached *** piety under Makhleb
    19 | D        | Noticed a bag of meat
    20 | D        | Reached skill level 19 in Dodging
    20 | D        | Reached skill level 19 in Unarmed Combat
    20 | D        | Killed a meat berserker
    20 | D        | Noticed a bag of meat
    21 | D        | Reached skill level 21 in Fighting
    21 | D        | Reached skill level 14 in Axes
    21 | D        | Reached skill level 14 in Armour
    21 | D        | Reached skill level 20 in Dodging
    21 | D        | Reached skill level 20 in Unarmed Combat
    21 | D        | Gained mutation: Your magical and physical power is
                  | slightly enhanced at high health. [demonic ancestry]
    21 | D        | Reached XP level 15. HP: 144/144 MP: 15/15
    21 | D        | Killed a meat berserker
    22 | D        | Reached skill level 22 in Fighting
    22 | D        | Reached skill level 16 in Axes
    22 | D        | Reached skill level 16 in Armour
    22 | D        | Killed a meat berserker
    22 | D        | Reached **** piety under Makhleb
    22 | D        | Noticed a meat berserker
    23 | D        | Reached skill level 23 in Fighting
    23 | D        | Reached skill level 17 in Axes
    23 | D        | Reached skill level 17 in Armour
    23 | D        | Reached skill level 21 in Dodging
    23 | D        | Reached skill level 21 in Unarmed Combat
    23 | D        | Gained mutation: You are completely covered in slimy green
                  | scales. (AC +4, rPois) [demonic ancestry]
    23 | D        | Reached XP level 16. HP: 157/157 MP: 16/16
    24 | D        | Reached skill level 24 in Fighting
    24 | D        | Reached skill level 18 in Axes
    24 | D        | Reached skill level 18 in Armour
    24 | D        | Reached skill level 22 in Dodging
    24 | D        | Reached skill level 22 in Unarmed Combat
    24 | D        | Reached ***** piety under Makhleb
    24 | D        | Noticed an eight-headed meat hydra
    24 | D        | Noticed a meat berserker
    24 | D        | Noticed a large bag of meat
    25 | D        | Reached skill level 19 in Axes
    25 | D        | Reached skill level 19 in Armour
    25 | D        | Reached skill level 23 in Dodging
    25 | D        | Reached skill level 23 in Unarmed Combat
    25 | D        | Killed a meat berserker
    26 | D        | Reached skill level 25 in Fighting
    26 | D        | Noticed a meat berserker
    26 | D        | Noticed a large bag of meat
    28 | D        | Reached skill level 20 in Axes
    28 | D        | Reached skill level 20 in Armour
    28 | D        | Gained mutation: You regenerate a lot of health from kills.
                  | [demonic ancestry]
    28 | D        | Reached XP level 17. HP: 92/170 MP: 17/17
    28 | D        | Noticed a sculptor of flesh
    29 | D        | Killed a meat berserker
    30 | D        | Reached skill level 26 in Fighting
    30 | D        | Reached skill level 24 in Dodging
    30 | D        | Reached skill level 24 in Unarmed Combat
    30 | D        | Killed a large bag of meat
    30 | D        | Reached ****** piety under Makhleb
    30 | D        | Noticed a meat berserker
    31 | D        | Reached skill level 21 in Axes
    31 | D        | Reached skill level 21 in Armour
    31 | D        | Noticed a meat berserker
    31 | D        | Noticed a destroyer
    31 | D        | Noticed a large bag of meat
    31 | D        | Noticed a sculptor of flesh
    31 | D        | HP: 42/173 [meat berserker/+9 battleaxe (57)]
    31 | D        | HP: 18/173 [bag of meat/+9 war axe (24)]
    31 | D        | Noticed a large bag of meat
    31 | D        | Noticed a sculptor of flesh
    32 | D        | Killed a meat berserker
    32 | D        | Noticed a destroyer
    32 | D        | Noticed a destroyer
    33 | D        | Reached skill level 25 in Dodging
    33 | D        | Reached skill level 25 in Unarmed Combat
    33 | D        | Killed a large bag of meat
    34 | D        | Reached skill level 27 in Fighting
    34 | D        | Reached skill level 22 in Axes
    34 | D        | Reached skill level 22 in Armour
    34 | D        | Noticed a destroyer
    35 | D        | Reached skill level 26 in Dodging
    35 | D        | Reached skill level 26 in Unarmed Combat
    35 | D        | Killed a sculptor of flesh
    35 | D        | Killed a nine-headed meat hydra
    36 | D        | Reached skill level 23 in Axes
    36 | D        | Reached skill level 23 in Armour
    36 | D        | Reached XP level 18. HP: 174/182 MP: 18/18
    36 | D        | Killed a meat berserker
    36 | D        | Killed a destroyer
    36 | D        | Killed a destroyer
    37 | D        | Reached skill level 27 in Axes
    37 | D        | Reached skill level 27 in Armour
    37 | D        | Reached skill level 27 in Dodging
    37 | D        | Reached skill level 27 in Unarmed Combat
    37 | D        | Reached skill level 2 in Maces & Flails
    37 | D        | Reached skill level 2 in Polearms
    37 | D        | Reached skill level 2 in Stealth
    37 | D        | Reached skill level 2 in Spellcasting
    37 | D        | Reached skill level 3 in Invocations
    37 | D        | Killed a meat berserker
    38 | D        | Reached skill level 4 in Maces & Flails
    38 | D        | Reached skill level 4 in Polearms
    38 | D        | Reached skill level 5 in Stealth
    38 | D        | Reached skill level 4 in Spellcasting
    38 | D        | Reached skill level 7 in Invocations
    38 | D        | Noticed a sculptor of flesh
    38 | D        | Killed a sculptor of flesh
    39 | D        | Reached skill level 6 in Maces & Flails
    39 | D        | Reached skill level 6 in Polearms
    39 | D        | Reached skill level 15 in Throwing
    39 | D        | Reached skill level 6 in Stealth
    39 | D        | Reached skill level 6 in Spellcasting
    39 | D        | Reached skill level 8 in Invocations
    39 | D        | Reached XP level 19. HP: 189/189 MP: 18/28
    40 | D        | Reached skill level 7 in Maces & Flails
    40 | D        | Reached skill level 7 in Polearms
    40 | D        | Reached skill level 8 in Stealth
    40 | D        | Reached skill level 7 in Spellcasting
    40 | D        | Reached skill level 11 in Invocations
    41 | D        | Reached skill level 9 in Maces & Flails
    41 | D        | Reached skill level 9 in Polearms
    41 | D        | Reached skill level 16 in Throwing
    41 | D        | Reached skill level 10 in Stealth
    41 | D        | Reached skill level 9 in Spellcasting
    41 | D        | Reached skill level 13 in Invocations
    41 | D        | Noticed a meat berserker
    42 | D        | Killed a large bag of meat
    42 | D        | Noticed a meat berserker
    43 | D        | Reached skill level 11 in Maces & Flails
    43 | D        | Reached skill level 11 in Polearms
    43 | D        | Reached skill level 18 in Throwing
    43 | D        | Reached skill level 13 in Stealth
    43 | D        | Reached skill level 11 in Spellcasting
    43 | D        | Reached skill level 16 in Invocations
    43 | D        | Noticed a large bag of meat
    44 | D        | Reached skill level 12 in Maces & Flails
    44 | D        | Reached skill level 12 in Polearms
    44 | D        | Reached skill level 12 in Spellcasting
    44 | D        | Reached skill level 17 in Invocations
    44 | D        | Noticed an accursed
    44 | D        | Killed an accursed
    44 | D        | Noticed a meat berserker
    45 | D        | Reached skill level 16 in Maces & Flails
    45 | D        | Reached skill level 16 in Polearms
    45 | D        | Reached skill level 20 in Throwing
    45 | D        | Reached skill level 17 in Stealth
    45 | D        | Reached skill level 16 in Spellcasting
    45 | D        | Reached skill level 22 in Invocations
    45 | D        | Gained mutation: Your magical and physical power is
                  | enhanced at high health. [demonic ancestry]
    45 | D        | Reached XP level 20. HP: 108/197 MP: 19/40
    45 | D        | Killed a meat berserker
    46 | D        | Reached skill level 17 in Maces & Flails
    46 | D        | Reached skill level 17 in Polearms
    46 | D        | Reached skill level 21 in Throwing
    46 | D        | Reached skill level 18 in Stealth
    46 | D        | Reached skill level 17 in Spellcasting
    46 | D        | Reached skill level 23 in Invocations
    46 | D        | Killed a large bag of meat
    47 | D        | Reached skill level 22 in Throwing
    47 | D        | Reached skill level 19 in Stealth
    47 | D        | Reached skill level 24 in Invocations
    47 | D        | Noticed an accursed
    47 | D        | Killed a destroyer
    48 | D        | Reached skill level 19 in Maces & Flails
    48 | D        | Reached skill level 19 in Polearms
    48 | D        | Reached skill level 23 in Throwing
    48 | D        | Reached skill level 21 in Stealth
    48 | D        | Reached skill level 20 in Spellcasting
    48 | D        | Reached skill level 27 in Invocations
    48 | D        | Reached XP level 21. HP: 204/204 MP: 19/45
    49 | D        | Reached skill level 20 in Maces & Flails
    49 | D        | Reached skill level 20 in Polearms
    50 | D        | Reached skill level 24 in Throwing
    50 | D        | Reached skill level 22 in Stealth
    52 | D        | Reached skill level 21 in Maces & Flails
    52 | D        | Reached skill level 21 in Polearms
    52 | D        | Reached skill level 25 in Throwing
    52 | D        | Reached skill level 23 in Stealth
    52 | D        | Reached skill level 21 in Spellcasting
    52 | D        | HP: 44/204 [destroyer/+9 heavy great sword (160)]
    53 | D        | Noticed a tyrant
    53 | D        | Killed a destroyer
    53 | D        | Noticed a tyrant
    54 | D        | Reached skill level 22 in Maces & Flails
    54 | D        | Reached skill level 22 in Polearms
    54 | D        | Reached skill level 26 in Throwing
    54 | D        | Reached skill level 24 in Stealth
    54 | D        | Reached skill level 22 in Spellcasting
    54 | D        | Noticed a large bag of meat
    54 | D        | Killed a large bag of meat
    54 | D        | Noticed The Captor
    55 | D        | Reached skill level 23 in Maces & Flails
    55 | D        | Reached skill level 23 in Polearms
    55 | D        | Reached skill level 25 in Stealth
    55 | D        | Reached skill level 23 in Spellcasting
    55 | D        | Gained mutation: Your demonic aura often causes spilled
                  | blood to erupt in flames. [demonic ancestry]
    55 | D        | Reached XP level 22. HP: 129/212 MP: 21/49
    55 | D        | Noticed a tyrant
    56 | D        | Killed an accursed
    57 | D        | Reached skill level 27 in Maces & Flails
    57 | D        | Reached skill level 27 in Polearms
    57 | D        | Reached skill level 27 in Throwing
    57 | D        | Reached skill level 27 in Stealth
    57 | D        | Reached skill level 27 in Spellcasting
    57 | D        | Reached skill level 10 in Staves
    58 | D        | Noticed an accursed
    60 | D        | Reached skill level 16 in Staves
    60 | D        | Noticed a meat beast
    61 | D        | Killed a tyrant
    61 | D        | Killed a tyrant
    61 | D        | Noticed an accursed
    62 | D        | Reached skill level 27 in Staves
    62 | D        | Reached skill level 3 in Short Blades
    62 | D        | Reached skill level 3 in Long Blades
    62 | D        | Reached skill level 3 in Ranged Weapons
    62 | D        | Reached skill level 3 in Shields
    62 | D        | Reached skill level 3 in Conjurations
    62 | D        | Reached skill level 3 in Hexes
    62 | D        | Reached skill level 3 in Summonings
    62 | D        | Reached skill level 4 in Necromancy
    62 | D        | Reached skill level 3 in Translocations
    62 | D        | Reached skill level 3 in Transmutations
    62 | D        | Reached skill level 3 in Fire Magic
    62 | D        | Reached skill level 3 in Ice Magic
    62 | D        | Reached skill level 3 in Air Magic
    62 | D        | Reached skill level 3 in Earth Magic
    62 | D        | Reached skill level 3 in Poison Magic
    62 | D        | Reached skill level 3 in Evocations
    62 | D        | Gained mutation: Your magical and physical power is greatly
                  | enhanced at high health. [demonic ancestry]
    62 | D        | Reached XP level 23. HP: 219/219 MP: 23/54
    62 | D        | Killed a large bag of meat
    63 | D        | Reached skill level 5 in Short Blades
    63 | D        | Reached skill level 5 in Long Blades
    63 | D        | Reached skill level 5 in Ranged Weapons
    63 | D        | Reached skill level 5 in Shields
    63 | D        | Reached skill level 5 in Conjurations
    63 | D        | Reached skill level 5 in Hexes
    63 | D        | Reached skill level 5 in Summonings
    63 | D        | Reached skill level 6 in Necromancy
    63 | D        | Reached skill level 5 in Translocations
    63 | D        | Reached skill level 5 in Transmutations
    63 | D        | Reached skill level 5 in Fire Magic
    63 | D        | Reached skill level 5 in Ice Magic
    63 | D        | Reached skill level 5 in Air Magic
    63 | D        | Reached skill level 5 in Earth Magic
    63 | D        | Reached skill level 5 in Poison Magic
    63 | D        | Reached skill level 5 in Evocations
    63 | D        | Noticed a large bag of meat
    63 | D        | Noticed a dread
    63 | D        | Noticed a meat beast
    64 | D        | Reached skill level 6 in Short Blades
    64 | D        | Reached skill level 6 in Long Blades
    64 | D        | Reached skill level 6 in Ranged Weapons
    64 | D        | Reached skill level 6 in Shields
    64 | D        | Reached skill level 7 in Conjurations
    64 | D        | Reached skill level 7 in Hexes
    64 | D        | Reached skill level 7 in Summonings
    64 | D        | Reached skill level 7 in Necromancy
    64 | D        | Reached skill level 6 in Translocations
    64 | D        | Reached skill level 6 in Transmutations
    64 | D        | Reached skill level 6 in Fire Magic
    64 | D        | Reached skill level 6 in Ice Magic
    64 | D        | Reached skill level 6 in Air Magic
    64 | D        | Reached skill level 6 in Earth Magic
    64 | D        | Reached skill level 7 in Poison Magic
    64 | D        | Reached skill level 7 in Evocations
    64 | D        | Noticed a destroyer
    64 | D        | Noticed a meat beast
    64 | D        | Noticed a large bag of meat
    65 | D        | Killed a meat beast
    65 | D        | Killed a meat beast
    66 | D        | Reached skill level 12 in Short Blades
    66 | D        | Reached skill level 12 in Long Blades
    66 | D        | Reached skill level 12 in Ranged Weapons
    66 | D        | Reached skill level 12 in Shields
    66 | D        | Reached skill level 13 in Conjurations
    66 | D        | Reached skill level 13 in Hexes
    66 | D        | Reached skill level 13 in Summonings
    66 | D        | Reached skill level 14 in Necromancy
    66 | D        | Reached skill level 12 in Translocations
    66 | D        | Reached skill level 12 in Transmutations
    66 | D        | Reached skill level 12 in Fire Magic
    66 | D        | Reached skill level 12 in Ice Magic
    66 | D        | Reached skill level 12 in Air Magic
    66 | D        | Reached skill level 12 in Earth Magic
    66 | D        | Reached skill level 12 in Poison Magic
    66 | D        | Reached skill level 13 in Evocations
    66 | D        | Reached XP level 24. HP: 216/227 MP: 24/54
    67 | D        | Reached skill level 13 in Poison Magic
    68 | D        | Noticed a meat beast
    68 | D        | Killed a destroyer
    68 | D        | Noticed a destroyer
    69 | D        | Reached skill level 13 in Short Blades
    69 | D        | Reached skill level 13 in Long Blades
    69 | D        | Reached skill level 13 in Ranged Weapons
    69 | D        | Reached skill level 13 in Shields
    69 | D        | Reached skill level 14 in Conjurations
    69 | D        | Reached skill level 14 in Hexes
    69 | D        | Reached skill level 14 in Summonings
    69 | D        | Reached skill level 15 in Necromancy
    69 | D        | Reached skill level 13 in Translocations
    69 | D        | Reached skill level 13 in Transmutations
    69 | D        | Reached skill level 13 in Fire Magic
    69 | D        | Reached skill level 13 in Ice Magic
    69 | D        | Reached skill level 13 in Air Magic
    69 | D        | Reached skill level 13 in Earth Magic
    69 | D        | Reached skill level 14 in Poison Magic
    69 | D        | Reached skill level 14 in Evocations
    69 | D        | Reached XP level 25. HP: 221/234 MP: 25/54
    69 | D        | Killed a meat beast
    70 | D        | Reached skill level 14 in Short Blades
    70 | D        | Reached skill level 14 in Long Blades
    70 | D        | Reached skill level 14 in Ranged Weapons
    70 | D        | Reached skill level 14 in Shields
    70 | D        | Reached skill level 16 in Conjurations
    70 | D        | Reached skill level 16 in Hexes
    70 | D        | Reached skill level 16 in Summonings
    70 | D        | Reached skill level 17 in Necromancy
    70 | D        | Reached skill level 14 in Translocations
    70 | D        | Reached skill level 14 in Transmutations
    70 | D        | Reached skill level 14 in Fire Magic
    70 | D        | Reached skill level 14 in Ice Magic
    70 | D        | Reached skill level 14 in Air Magic
    70 | D        | Reached skill level 14 in Earth Magic
    70 | D        | Reached skill level 15 in Poison Magic
    70 | D        | Reached skill level 16 in Evocations
    70 | D        | Killed The Captor
    70 | D        | Killed a meat beast
    70 | D        | Killed a large bag of meat
    70 | D        | Noticed a meat beast
    70 | D        | Noticed a dread
    70 | D        | Noticed a destroyer
    71 | D        | Reached skill level 18 in Short Blades
    71 | D        | Reached skill level 18 in Long Blades
    71 | D        | Reached skill level 18 in Ranged Weapons
    71 | D        | Reached skill level 18 in Shields
    71 | D        | Reached skill level 19 in Conjurations
    71 | D        | Reached skill level 19 in Hexes
    71 | D        | Reached skill level 19 in Summonings
    71 | D        | Reached skill level 21 in Necromancy
    71 | D        | Reached skill level 18 in Translocations
    71 | D        | Reached skill level 18 in Transmutations
    71 | D        | Reached skill level 18 in Fire Magic
    71 | D        | Reached skill level 18 in Ice Magic
    71 | D        | Reached skill level 18 in Air Magic
    71 | D        | Reached skill level 18 in Earth Magic
    71 | D        | Reached skill level 19 in Poison Magic
    71 | D        | Reached skill level 19 in Evocations
    71 | D        | Reached XP level 26. HP: 207/242 MP: 25/54
    71 | D        | HP: 40/242 [??? (38)]
    72 | D        | Killed a tyrant
    72 | D        | Noticed The Servant
    73 | D        | Reached skill level 20 in Conjurations
    73 | D        | Reached skill level 20 in Hexes
    73 | D        | Reached skill level 20 in Summonings
    73 | D        | Reached skill level 20 in Poison Magic
    73 | D        | Reached skill level 20 in Evocations
    74 | D        | Killed a meat beast
    74 | D        | Killed a dread
    75 | D        | Reached skill level 20 in Short Blades
    75 | D        | Reached skill level 20 in Long Blades
    75 | D        | Reached skill level 20 in Ranged Weapons
    75 | D        | Reached skill level 20 in Shields
    75 | D        | Reached skill level 21 in Conjurations
    75 | D        | Reached skill level 21 in Hexes
    75 | D        | Reached skill level 21 in Summonings
    75 | D        | Reached skill level 23 in Necromancy
    75 | D        | Reached skill level 20 in Translocations
    75 | D        | Reached skill level 20 in Transmutations
    75 | D        | Reached skill level 20 in Fire Magic
    75 | D        | Reached skill level 20 in Ice Magic
    75 | D        | Reached skill level 20 in Air Magic
    75 | D        | Reached skill level 20 in Earth Magic
    75 | D        | Reached skill level 21 in Poison Magic
    75 | D        | Reached skill level 21 in Evocations
    75 | D        | Gained mutation: Your demonic aura causes all spilled blood
                  | to erupt in flames. [demonic ancestry]
    75 | D        | Reached XP level 27. HP: 214/249 MP: 26/54
    75 | D        | Killed a destroyer
    76 | D        | Reached skill level 22 in Conjurations
    76 | D        | Reached skill level 22 in Hexes
    76 | D        | Reached skill level 22 in Summonings
    76 | D        | Reached skill level 24 in Necromancy
    76 | D        | Reached skill level 22 in Poison Magic
    76 | D        | Reached skill level 22 in Evocations
    80 | D        | HP: 28/249 [The Servant/+9 glaive of flaming (95)]
    80 | D        | HP: 9/249 [accursed/divine providence (13)]
    80 | D        | Slain by a bag of meat

Vanquished Creatures
  Sigmund (D)
  5 hell beasts (D)
  2 royal mummies (D)
  A wraith (D)
  6 vampire knights (D)
  21 ogres (D)
  7 two-headed ogres (D)
  3 liches (D)
  A hydra (D)
  54 orcs (D)
  9 skeletal warriors (D)
110 creatures vanquished.

Table legend:
 A = Non-vault XP
 B = Vault XP
 C = Vault XP percentage of total XP
 D = Non-vault monster count
 E = Vault monster count
 F = Vault count percentage of total count
                 A         B        C        D         E       F
            +---------+---------+-------+---------+---------+-------
      Total | 1210102 |  421283 |  25.8 |      58 |      52 |  47.3
            +---------+---------+-------+---------+---------+-------
          D | 1210102 |  421283 |  25.8 |      58 |      52 |  47.3
            +---------+---------+-------+---------+---------+-------

Illustrated notes

Table legend:
 A = Kills in this place as a percentage of kills in entire the game.
 B = Kills by you in this place as a percentage of kills by you in the entire game.
 C = Kills by friends in this place as a percentage of kills by friends in the entire game.
 D = Other kills in this place as a percentage of other kills in the entire game.
 E = Experience gained in this place as a percentage of experience gained in the entire game.
 F = Experience gained in this place divided by the number of levels of this place that you have seen.
                   A       B       C       D       E      F
               +-------+-------+-------+-------+-------+----------------------
         Total | 100.0 | 100.0 |   N/A |   N/A | 100.0 | 1631385.0
       Dungeon | 100.0 | 100.0 |   N/A |   N/A | 100.0 | 1631385.0
               +-------+-------+-------+-------+-------+----------------------

Table legend: (Time is in decaauts)
 A = Elapsed time spent in this place.
 B = Non-inter-level travel time spent in this place.
 C = Inter-level travel time spent in this place.
 D = Time resting spent in this place.
 E = Time spent auto-exploring this place.
 F = Levels seen in this place.
 G = Mean time per level.
                   A        B        C        D        E       F      G
               +--------+--------+--------+--------+--------+-----+--------+
         Total |     73 |     73 |      0 |      0 |      0 |   1 |   73.0 |
       Dungeon |     73 |     73 |      0 |      0 |      0 |   1 |   73.0 |
               +--------+--------+--------+--------+--------+-----+--------+

Top non-repeatable levels by time:
       D: 73 daAuts
